Match 46037562
Unlisted

Match 46037562
End
Pioneer Squad
Construct Infanterie Kompanie
Pioneer Squad
Selects Terror Battlegroup
Selects Terror Battlegroup
Selects Terror Battlegroup
Selects Machine Gun Camouflage
MG 42 Machine Gun Team
MG 42 Machine Gun Team
Grenadier Squad
Construct Luftwaffe Kompanie
Flak 30 Anti-aircraft Gun Team
Selects Interrogate
Support Elements
Flak 30 Anti-aircraft Gun Team
Medical Bunker
MG 42 Machine Gun Team
Jäger Squad
Wirbelwind Flakpanzer
Jäger Squad
MG 42 Machine Gun Team
Marder III M Tank Destroyer
Selects Propaganda Leaflet Drop
六文钱
FeriG
0
0

Comments sign in to comment!

No comments posted yet!